 Dungeon Crawl Stone Soup version 0.28.0-53-g5a82cb258f (webtiles) character file.

Game seed: 9517689687394437120

60 Descartes the Covert (level 3, 0/19 HPs)
             Began as a Spriggan Delver on June 27, 2022.
             Slain by an orc
             ... wielding a +0 short sword
              (1 damage)
             ... on level 2 of the Dungeon.
             The game lasted 00:01:38 (1015 turns).

Descartes the Covert (Spriggan Delver)              Turns: 1015, Time: 00:01:38

Health: 0/19       AC:  2    Str: 10    XL:     3   Next: 82%
Magic:  4/4        EV: 18    Int: 11    God:
Gold:   40         SH:  0    Dex: 16    Spells: 2/2 levels left

rFire   . . .      SeeInvis +   a - +0 short sword
rCold   . . .      Faith    .   (no shield)
rNeg    . . .      Spirit   .   b - +0 robe
rPois   .          Reflect  .   (helmet restricted)
rElec   .          Harm     .   (no cloak)
rCorr   .          Rampage  .   (gloves unavailable)
Will    .....                   (boots unavailable)
Stlth   ++++......              (no amulet)
HPRegen 0.06/turn               (no ring)
MPRegen 0.09/turn               (no ring)

@: very quick
A: very small, no large weapons, unfitting armour, see invisible, speed 3
a: no special abilities


You were on level 2 of the Dungeon.
You visited 1 branch of the dungeon, and saw 4 of its levels.

You collected 40 gold pieces.

Inventory:

Hand Weapons
 a - a +0 short sword (weapon)
Armour
 b - a +0 robe (worn)
Jewellery
 i - an amulet of magic regeneration
Wands
 g - a wand of digging (3)
Scrolls
 c - a scroll of fog
 d - a scroll of magic mapping
 e - a scroll of fear
 h - a scroll of identify {unknown}
Potions
 f - a potion of haste


   Skills:
 - Level 2.4 Fighting
 + Level 3.2 Short Blades
 + Level 3.8 Dodging
 + Level 8.0 Stealth


You had 2 spell levels left.
You didn't know any spells.
Your spell library was empty.

Dungeon Overview and Level Annotations

Branches:
Dungeon (5/15)
 Temple: D:4-7

Altars:

Annotations:
D:5 Eustachio


Innate Abilities, Weirdness & Mutations

You are very small and have problems with some larger weapons.
You are too small for most types of armour.
You have supernaturally acute eyesight. (SInv)
You cover ground extremely quickly. (Speed+++)


Message History

You are too injured to fight recklessly!
You are too injured to fight recklessly!
You are too injured to fight recklessly!
You are too injured to fight recklessly!
You are too injured to fight recklessly!
You are too injured to fight recklessly!
You are too injured to fight recklessly!
You are too injured to fight recklessly!
You are too injured to fight recklessly!
You are too injured to fight recklessly!
You are too injured to fight recklessly!
You are too injured to fight recklessly!
You are too injured to fight recklessly!
Unknown command.
The gnoll misses you.
Items here: )) ††.
You hit the gnoll but do no damage. The gnoll hits you with a +0 spear!
* * * LOW HITPOINT WARNING * * *
You barely miss the gnoll. You barely miss the gnoll. The gnoll misses you.
Unknown command.
The gnoll closely misses you.
You see here a +0 robe.
An orc comes into view. It is wielding a +0 short sword.
Found a stone staircase leading down and a stone staircase leading up.
The orc shouts!
Found 24 sling bullets.
An adder comes into view.
A jelly comes into view.
The jelly quivers.
There is a stone staircase leading up here.
The orc hits you with a +0 short sword.
* * * LOW HITPOINT WARNING * * *
You climb upwards.
There is a stone staircase leading down here.
You closely miss the orc. You hit the orc.
The orc is severely wounded.
The orc hits you with a +0 short sword.
You die... ############# #....@o...... #.########.##

You could see an orc.

Vanquished Creatures
  A jelly (D:5)
  2 gnolls (D:3)
  2 adder skeletons (D:4)
  A giant cockroach (D:4)
  2 kobolds (D:4)
  A quokka (D:3)
9 creatures vanquished.

Vanquished Creatures (others)
  6 plants (D:4)
6 creatures vanquished.

Grand Total: 15 creatures vanquished

Notes
Turn   | Place    | Note
-------+----------+-------------------------------------------
     0 | D:5      | Descartes the Spriggan Delver began the quest for the Orb.
     0 | D:5      | Reached XP level 1. HP: 11/11 MP: 2/2
     6 | D:5      | Noticed Eustachio
    13 | D:5      | Noticed a crimson imp
    13 | D:5      | Noticed an iron imp
    34 | D:5      | Noticed a jelly
    38 | D:5      | Killed a jelly
    39 | D:5      | Reached XP level 2. HP: 5/16 MP: 3/3
    39 | D:5      | Reached XP level 3. HP: 6/19 MP: 4/4
   330 | D:4      | Noticed an ogre
   687 | D:4      | Noticed a kobold brigand
   986 | D:3      | Reached skill level 8 in Stealth
  1015 | D:2      | Slain by an orc

Illustrated notes

Levels and vault maps discovered:
D:2:      layout_loops_ring
D:3:      layout_loops_ring, grunt_ministairs_10, uniq_ijyb, uniq_terence
D:4:      layout_loops_corners, lexackson_kobold_supper, uniq_natasha
D:5:      layout_gridville, minmay_temple_entry_arrows,
          small_statue_intersection, uniq_eustachio

Skill      XL: |  1  2  3 |
---------------+----------+-----
Dodging        | 3 |  3.8
Short Blades   | 3 |  3.2
Stealth        | 8 |  8.0
Fighting       | |  2.4

Action                   || total
-------------------------++-------
Melee: Short sword       ||    37
       Punch             ||     1
 Stab: Sleeping          ||     4
Armor: Robe              ||     2
Dodge: Dodged            ||    50
